 Dungeon Crawl Stone Soup version 0.21-a0-625-g1119ec1 (webtiles) character file.

2886 Gorice the Cleaver (level 9, -4/61 HPs)
             Began as a Demonspawn Wanderer on Dec 24, 2017.
             Was a Believer of Qazlal.
             Slain by Gastronok (25 damage)
             ... on level 8 of the Dungeon.
             The game lasted 00:24:23 (7976 turns).

Gorice the Cleaver (Demonspawn Wanderer)            Turns: 7976, Time: 00:24:24

Health: -4/61      AC: 11    Str: 17    XL:     9   Next: 48%
Magic:  0/12       EV:  9    Int:  9    God:    Qazlal [**....]
Gold:   239        SH:  3    Dex: 14    Spells: 12/12 levels left

rFire    + . .     SeeInvis .   a - +2 war axe (freeze)
rCold    . . .     Gourm    .   (no shield)
rNeg     + . .     Faith    .   G - +0 scale mail
rPois    +         Spirit   +   e - +2 hat
rElec    .         Reflect  .   (no cloak)
rCorr    .         Harm     .   (no gloves)
MR       .....                  m - +0 pair of boots
Stlth    +.........             s - amulet of guardian spirit
HPRegen  0.20/turn              F - ring of flight
MPRegen  0.13/turn              T - ring of Uqurhyuh {rPois rN+ Int-5 Dex-3} (curse)

@: slowed, very slow
A: hooves 2, thin skeletal structure 3, fire resistance 1
a: Upheaval, Renounce Religion, Evoke Flight


You were on level 8 of the Dungeon.
You worshipped Qazlal.
Qazlal was pleased with you.
You were not hungry.

You visited 2 branches of the dungeon, and saw 9 of its levels.

You collected 239 gold pieces.

Inventory:

Hand Weapons
 a - a +2 war axe of freezing (weapon)
   (You acquired it on level 5 of the Dungeon)
 t - a +2 whip of freezing
   (You took it off a kobold on level 2 of the Dungeon)
 K - a +2 hand axe
 M - the +4 Vampire's Tooth {vamp}
   (You found it on level 5 of the Dungeon)

   It inflicts no extra harm, but heals its wielder when it wounds a living foe.
 Q - a +0 broad axe
Missiles
 p - 9 tomahawks (quivered)
 U - 2 javelins
 Y - 209 stones
Armour
 e - a +2 hat (worn)
 m - a +0 pair of boots (worn)
 n - a +0 large shield
 G - a +0 scale mail (worn)
 W - a +0 helmet
Jewellery
 q - a +3 ring of intelligence
 s - an amulet of guardian spirit (around neck)
 D - an uncursed amulet of regeneration {unknown}
 F - a ring of flight (left hand)
 T - the cursed ring of Uqurhyuh (right hand) {rPois rN+ Int-5 Dex-3}
   (You found it on level 7 of the Dungeon)

   [ring of dexterity]

   It affects your intelligence (-5).
   It affects your dexterity (-3).
   It protects you from poison.
   It protects you from negative energy.
   It has a curse placed upon it.
Wands
 g - a wand of digging (18)
 w - a wand of flame (49)
 z - a wand of scattershot (2)
 E - a wand of iceblast (8)
 I - a wand of enslavement (7)
 O - a wand of paralysis (14)
 R - a wand of random effects (68)
Scrolls
 k - 2 scrolls of enchant armour
 u - 3 scrolls of teleportation {!r}
 x - a scroll of vulnerability {unknown}
 y - 4 scrolls of remove curse
 S - a scroll of magic mapping {!r}
Potions
 c - a potion of lignification {!q}
 h - a potion of agility {!q}
 i - 2 potions of resistance {!q}
 j - a potion of berserk rage
 o - 2 potions of mutation {!q}
 r - 5 potions of heal wounds {!q}
 v - a potion of invisibility {!q}
 A - a potion of haste {!q}
 B - a potion of degeneration {unknown}
 C - 5 potions of brilliance {!q}
 H - a potion of magic {unknown}
 L - a potion of might {!q}
 N - a potion of flight {unknown}
Books
 b - the Incunabulum of Boosts

   Spells                             Type                      Level
   a - Infusion                       Charms                       1
   b - Ozocubu's Armour               Charms/Ice                   3
 d - a book of Minor Magic
 J - a book of Flames
 P - a book of Maledictions
 Z - a book of Misfortune
Comestibles
 f - 11 rations
 l - 6 chunks of flesh


   Skills:
 - Level 2.0 Fighting
 * Level 10.0 Axes
 - Level 1.0 Throwing
 + Level 7.0 Armour
 - Level 2.0 Spellcasting
   Level 1.0 Ice Magic
 - Level 1.0 Evocations


You had 12 spell levels left.
You didn't know any spells.

Dungeon Overview and Level Annotations

Branches:
Dungeon (8/15)             Temple (1/1) D:5
   Lair: D:8-11

Altars:
Ashenzari
Cheibriados
Dithmenos
Elyvilon
Fedhas
Gozag
Hepliaklqana
Kikubaaqudgha
Makhleb
Nemelex Xobeh
Okawaru
Qazlal
Trog
Vehumet
Wu Jian
Xom
Yredelemnul
Zin
The Shining One

Annotations:
D:8 Gastronok


Innate Abilities, Weirdness & Mutations

You have hoof-like feet.
You have an unnaturally thin skeletal structure. (Dex +6, Stealth++)
Your flesh is heat resistant. (rF+)


Message History

You kill the worker ant!
Qazlal accepts your kill.
No target in view!
No target in view!
p - 7 tomahawks (gained 1)
p - 8 tomahawks (gained 1)
p - 9 tomahawks (gained 1)
x - a scroll labeled VETHRE XUUCIKHLA
l - 6 chunks of flesh (gained 4)
Things that are here:
an uncursed shortbow of freezing; 18 arrows You start resting.
You hear a horrible gurgling sound!
Gastronok the Ponderous comes into view.
You hit Gastronok. You freeze Gastronok.
Gastronok is lightly wounded.
Evoke which item? (* to show all) (? for menu, Esc to quit)
Aiming: Paralyse
Press: ? - help, Shift-Dir - straight line, f - Gastronok
Aim: Gastronok, wearing a runed hat (thunder, lightly wounded, chance to defeat MR: 7%)
Okay, then.
Unknown command.
Unknown command.
Unknown command.
Evoke which item? (* to show all) (? for menu, Esc to quit)
Aiming: Scattershot
Press: ? - help, Shift-Dir - straight line, f - Gastronok
Aim: Gastronok, wearing a runed hat (thunder, lightly wounded)
The burst of metal fragments hits Gastronok. x5
Gastronok is lightly wounded.
Gastronok looks at you while chanting.
You feel yourself slow down.
Evoke which item? (* to show all) (? for menu, Esc to quit)
Aiming: Iceblast
Press: ? - help, Shift-Dir - straight line, p - Gastronok The mass of ice explodes!
The iceblast engulfs Gastronok.
Gastronok is moderately wounded.
You slash Gastronok! You freeze Gastronok!
Gastronok is moderately wounded.
Gastronok bites you!!
Damage: 13 (max 13)
You hit Gastronok. You freeze Gastronok.
Gastronok is moderately wounded.
Gastronok bites you!
* * * LOW HITPOINT WARNING * * *
Damage: 14 (max 14)
Your scale mail prevents you from hitting Gastronok.
Gastronok is moderately wounded.
Gastronok bites you!!
You die...

#.........# #.........####
# #.........+...
#.###............
................
..............# # #
........#'...# .#+.#
#######+#####w...(.##.....
............@......#......
.#######.########.(..+.._..
...................(##.....
...............)...(#...Z..
...............##....## .
#.....................##.#
#........####.............
#........# #..............
.#.......# #.<............


You could see Gastronok.

Vanquished Creatures
  A hippogriff (D:7)
  An ice beast (D:6)
  A sky beast (D:4)
  4 ogres
  A phantom (D:8)
  6 centaurs
  A big kobold (D:7)
  4 bullfrogs
  3 scorpions
  A wyvern skeleton (D:6)
  2 vampire bats (D:5)
  3 crimson imps
  5 hounds
  A jelly (D:7)
  2 orc priests
  3 centaur skeletons
  2 orc wizards (D:4)
  A bullfrog skeleton (D:6)
  Ijyb (D:4)
  Natasha (thrice) (D:3)
  An iguana (D:7)
  5 worker ants
  A worker ant zombie (D:6)
  14 adders
  3 shadow imps
  A white imp (D:8)
  2 adder skeletons
  3 worms (D:2)
  2 dart slugs
  3 leopard geckos
  8 orcs
  14 bats
  7 giant cockroaches
  5 goblins
  8 hobgoblins
  20 jackals
  11 kobolds
  2 quokkas
  A ball python (D:5)
  A ball python zombie (D:5)
  3 frilled lizards
  4 goblin skeletons (D:8)
  A goblin zombie (D:8)
  2 hobgoblin zombies (D:8)
  A kobold skeleton (D:8)
  4 kobold zombies (D:8)
  A quokka skeleton (D:7)
  A quokka zombie (D:6)
  8 rats
183 creatures vanquished.

Notes
Turn   | Place    | Note
-------+----------+-------------------------------------------
     0 | D:1      | Gorice the Demonspawn Wanderer began the quest for the Orb.
     0 | D:1      | Gorice set off with: a +2 hand axe, the Incunabulum of Boosts, a potion of lignification {!q}, a +0 robe, a ration
     0 | D:1      | Reached XP level 1. HP: 16/16 MP: 3/3
     0 | D:1      | Identified the Incunabulum of Boosts
   171 | D:1      | Gained mutation: You have large cloven feet. [demonic ancestry]
   171 | D:1      | Reached XP level 2. HP: 22/22 MP: 5/5
   189 | D:1      | Reached skill level 2 in Axes
   773 | D:1      | Gained mutation: You have hoof-like feet. [demonic ancestry]
   773 | D:1      | Reached XP level 3. HP: 24/27 MP: 3/6
   908 | D:2      | Reached skill level 2 in Armour
   913 | D:2      | Found an ornate altar of the Wu Jian Council.
   962 | D:2      | Reached skill level 3 in Axes
  1149 | D:2      | Reached XP level 4. HP: 33/33 MP: 7/7
  1836 | D:3      | Noticed Natasha
  1848 | D:3      | Killed Natasha
  1848 | D:3      | Reached skill level 4 in Axes
  1848 | D:3      | Gained mutation: You have a somewhat thin skeletal structure. (Dex +2, Stealth) [demonic ancestry]
  1848 | D:3      | Reached XP level 5. HP: 19/38 MP: 3/8
  2148 | D:3      | Noticed Natasha
  2209 | D:3      | Killed Natasha
  2214 | D:3      | Noticed Natasha
  2229 | D:3      | Killed Natasha
  2229 | D:3      | Reached skill level 3 in Armour
  2930 | D:4      | Found a bloodstained altar of Trog.
  2945 | D:4      | Gained mutation: Your flesh is heat resistant. (rF+) [demonic ancestry]
  2945 | D:4      | Reached XP level 6. HP: 33/44 MP: 6/9
  2987 | D:4      | Noticed a sky beast
  3251 | D:4      | Reached skill level 5 in Axes
  3577 | D:4      | Noticed Ijyb
  3602 | D:4      | Killed Ijyb
  3821 | D:4      | Found an ancient bone altar of Kikubaaqudgha.
  4002 | D:4      | Killed a sky beast
  4002 | D:4      | Reached skill level 4 in Armour
  4002 | D:4      | Gained mutation: You have a moderately thin skeletal structure. (Dex +4, Stealth+) [demonic ancestry]
  4002 | D:4      | Reached XP level 7. HP: 42/50 MP: 8/10
  4021 | D:4      | Found a hazy altar of Hepliaklqana.
  4052 | D:4      | Reached skill level 6 in Axes
  4468 | D:5      | Entered Level 5 of the Dungeon
  4690 | D:5      | Found a staircase to the Ecumenical Temple.
  4731 | Temple   | Entered the Ecumenical Temple
  4752 | Temple   | Became a worshipper of Qazlal Stormbringer
  5023 | D:5      | Reached skill level 7 in Axes
  5085 | D:5      | Reached skill level 5 in Armour
  5085 | D:5      | Reached XP level 8. HP: 54/56 MP: 11/11
  5239 | D:5      | Found the +4 Vampire's Tooth {vamp}
  5606 | D:5      | Identified a scroll of acquirement
  5771 | D:6      | Reached * piety under Qazlal
  5883 | D:6      | Reached skill level 8 in Axes
  6598 | D:7      | Reached skill level 6 in Armour
  6651 | D:7      | Reached skill level 9 in Axes
  6651 | D:7      | Gained mutation: You have an unnaturally thin skeletal structure. (Dex +6, Stealth++) [demonic ancestry]
  6651 | D:7      | Reached XP level 9. HP: 33/61 MP: 6/12
  6804 | D:7      | Reached ** piety under Qazlal
  6810 | D:7      | Got a fine granite ring
  6811 | D:7      | Identified the cursed ring of Uqurhyuh {rPois rN+ Int-5 Dex-3} (You found it on level 7 of the Dungeon)
  7851 | D:8      | Found a glowing golden altar of the Shining One.
  7896 | D:8      | Reached skill level 7 in Armour
  7902 | D:8      | Reached skill level 10 in Axes
  7971 | D:8      | Noticed Gastronok
  7976 | D:8      | Slain by Gastronok

Vault maps used:
D:1:      tarquinn_simple_flora_water_b
D:2:      nicolae_overflow_crystal_walls, first_ration
D:3:      uniq_natasha
D:4:      lemuel_doored_altar, old_standard_altar, lightli_temple_of_fire,
          uniq_ijyb
D:5:      temple_fountains, minmay_guarded_unrand_vampires_tooth
D:6:      grunt_decor_cap
D:8:      nicolae_tso_besieged_by_evil, nicolae_overflow_hidden_temple,
          led_sif_pool, kennysheep_generic_room_4, uniq_gastronok
Temple:   eino_temple_water

Skill      XL: |  1  2  3  4  5  6  7  8  9 |
---------------+----------------------------+-----
Axes           | 2 3 4 5 7 9 10 | 10.0
Armour         | 2 3 4 5 6 7 |  7.0
Fighting       | |  2.0
Throwing       | |  1.0
Spellcasting   | |  2.0
Ice Magic      | |  1.0
Evocations     | |  1.0

Action                   |  1- 3 |  4- 6 |  7- 9 || total
-------------------------+-------+-------+-------++-------
Melee: Hand axe          |   123 |   218 |   180 ||   521
       Kick              |     1 |       |       ||     1
       War axe           |       |       |   191 ||   191
Throw: Tomahawk          |       |     1 |    21 ||    22
Evoke: Wand              |       |     5 |     8 ||    13
  Use: Scroll            |     4 |     6 |     7 ||    17
       Potion            |     1 |       |       ||     1
 Stab: Paralysed         |       |       |     4 ||     4
  Eat: Chunk             |     1 |     9 |    13 ||    23
Armor: Robe              |     6 |       |       ||     6
       Ring mail         |    45 |   101 |       ||   146
       Skin              |     9 |       |       ||     9
       Scale mail        |       |    15 |   193 ||   208
Dodge: Dodged            |    70 |   120 |   163 ||   353
Block: Other             |       |       |     8 ||     8

Table legend:
 A = Spawn XP
 B = Non-spawn XP
 C = Spawn XP percentage of total XP
 D = Spawn monster count
 E = Non-spawn monster count
 F = Spawn count percentage of total count
 G = Total turns spent on level
                    A         B        C        D         E        F      G
               +---------+---------+-------+---------+---------+-------+---------
         Total |       0 |    4123 |   0.0 |       0 |     183 |   0.0 |  7976
               +---------+---------+-------+---------+---------+-------+---------
           D:1 |       0 |      47 |   0.0 |       0 |      21 |   0.0 |   860
           D:2 |       0 |     129 |   0.0 |       0 |      35 |   0.0 |  1142
           D:3 |       0 |     209 |   0.0 |       0 |      21 |   0.0 |  1335
           D:4 |       0 |     543 |   0.0 |       0 |      21 |   0.0 |  1199
           D:5 |       0 |     752 |   0.0 |       0 |      22 |   0.0 |   850
           D:6 |       0 |     684 |   0.0 |       0 |      24 |   0.0 |  1023
           D:7 |       0 |    1402 |   0.0 |       0 |      20 |   0.0 |  1177
           D:8 |       0 |     357 |   0.0 |       0 |      19 |   0.0 |   164
               +---------+---------+-------+---------+---------+-------+---------

Table legend:
 A = Turns spent in this place as a percentage of turns spent in the entire game.
 B = Non-inter-level travel turns spent in this place as a percentage of non-inter-level travel turns spent in the entire game.
 C = Inter-level travel turns spent in this place as a percentage of turns spent in this place.
 D = Turns resting spent in this place as a percentage of non-inter-level travel turns spent in this place.
 E = Turns spent auto-exploring this place as a percentage of non-inter-level travel turns spent in this place.
 F = Non-inter-level travel turns spent in this place divided by the number of levels of this place that you've seen.
                   A       B       C       D       E      F
               +-------+-------+-------+-------+-------+----------------------
         Total | 100.0 | 100.0 |   2.8 |  20.7 |  47.2 | 861.0
       Dungeon |  97.2 |  97.3 |   2.7 |  21.3 |  46.0 | 942.1
        Temple |   2.8 |   2.7 |   6.2 |   0.0 |  90.6 | 212.0
               +-------+-------+-------+-------+-------+----------------------

Vault maps used:
D:1:      tarquinn_simple_flora_water_b
D:2:      nicolae_overflow_crystal_walls, first_ration
D:3:      uniq_natasha
D:4:      lemuel_doored_altar, old_standard_altar, lightli_temple_of_fire,
          uniq_ijyb
D:5:      temple_fountains, minmay_guarded_unrand_vampires_tooth
D:6:      grunt_decor_cap
D:8:      nicolae_tso_besieged_by_evil, nicolae_overflow_hidden_temple,
          led_sif_pool, kennysheep_generic_room_4, uniq_gastronok
Temple:   eino_temple_water
